| TOP OF THE 1ST |
|
Memphis Redbirds batting - Pitching for Sacramento River Cats : RHP Mike Moon
|
|
Pitching: RHP Mike Moon
|
|
|
Batting: RHB Rick O'Reilly
|
0-0: DOUBLE (Line Drive, 3D, EV 96.9 MPH)
|
|
Batting: RHB Danny Gallo
|
0-0: Called Strike 0-1: Ball 1-1: Called Strike 1-2: Foul Ball, location: 2F 1-2: Ground out 1-3 (Groundball, 13S, EV 76.2 MPH) Rick O'Reilly to third
|
|
Batting: RHB Klaas Meij
|
0-0: DOUBLE (Line Drive, 7LM, EV 112.5 MPH) Rick O'Reilly scores
|
|
Batting: LHB Ronnie Ashley
|
0-0: Called Strike 0-1: Swinging Strike 0-2: Ball 1-2: Foul Ball, location: 2F 1-2: Ball 2-2: Strikes out swinging
|
|
Batting: SHB Luke Robbins
|
0-0: Ground out 6-3 (Groundball, 56, EV 84.4 MPH)
|
| Top of the 1st over - 1 run, 2 hits, 0 errors, 1 left on base; Memphis 1 - Sacramento 0 |
| BOTTOM OF THE 1ST |
|
Sacramento River Cats batting - Pitching for Memphis Redbirds : RHP Antonio Perez
|
|
Pitching: RHP Antonio Perez
|
|
|
Batting: LHB Cesar Arteaga
|
0-0: Called Strike 0-1: Swinging Strike 0-2: Strikes out swinging
|
|
Batting: LHB Kevin Kantor
|
0-0: Ball 1-0: Ball 2-0: Called Strike 2-1: Foul Ball, location: 2F 2-2: DOUBLE (Flyball, 7LD, EV 96.2 MPH)
|
|
Batting: LHB Ryan Braden
|
0-0: Called Strike Kevin Kantor steals 3rd base (no throw) 0-1: Swinging Strike 0-2: Ball 1-2: Fly out, F8 (Flyball, 8RM, EV 81.2 MPH)
|
|
Batting: LHB Willie Ceniceros
|
0-0: Called Strike 0-1: Foul Ball, location: 2F 0-2: Ball 1-2: Fly out, F8 (Flyball, 78XD, EV 98.1 MPH)
|
| Bottom of the 1st over - 0 runs, 1 hit, 0 errors, 1 left on base; Memphis 1 - Sacramento 0 |
| TOP OF THE 2ND |
|
Memphis Redbirds batting - Pitching for Sacramento River Cats : RHP Mike Moon
|
|
Batting: RHB Dan Boykins
|
0-0: Ball 1-0: Fly out, F9 (Flyball, 89M, EV 90.0 MPH)
|
|
Batting: SHB Dan Hill
|
0-0: Ball 1-0: Foul Ball, location: 2F 1-1: Ball 2-1: Swinging Strike 2-2: Ball 3-2: Base on Balls
|
|
Batting: RHB John Parra
|
0-0: Foul Ball, location: 2F 0-1: Ball 1-1: Ball 2-1: Foul Ball, location: 2F 2-2: Fielders Choice at 2nd, 5-4 (Groundball, 56, EV 99.4 MPH)
|
|
Batting: RHB Dave Cluster
|
0-0: Called Strike 0-1: Ball John Parra steals 2nd base 1-1: Called Strike 1-2: Ball 2-2: Ball 3-2: Strikes out swinging
|
| Top of the 2nd over - 0 runs, 0 hits, 0 errors, 1 left on base; Memphis 1 - Sacramento 0 |
| BOTTOM OF THE 2ND |
|
Sacramento River Cats batting - Pitching for Memphis Redbirds : RHP Antonio Perez
|
|
Batting: RHB Martin Guerrero
|
0-0: Called Strike 0-1: Ball 1-1: Foul Ball, location: 2F 1-2: Fly out, F6 (Popup, 6S, EV 69.4 MPH)
|
|
Batting: RHB Hugo Zacarias
|
0-0: Swinging Strike 0-1: Foul Ball, location: 2F 0-2: SINGLE (Groundball, 34D, EV 98.1 MPH)
|
|
Batting: RHB Laroya Foronda
|
0-0: Called Strike 0-1: Ground out 6-3 (Groundball, 6S, EV 70.0 MPH) Hugo Zacarias to second
|
|
Batting: LHB Nick Swank
|
0-0: Called Strike 0-1: Swinging Strike 0-2: Ball 1-2: Ball 2-2: Strikes out swinging
|
| Bottom of the 2nd over - 0 runs, 1 hit, 0 errors, 1 left on base; Memphis 1 - Sacramento 0 |
| TOP OF THE 3RD |
|
Memphis Redbirds batting - Pitching for Sacramento River Cats : RHP Mike Moon
|
|
Batting: RHB Rick O'Reilly
|
0-0: Foul Ball, location: 2F 0-1: Called Strike 0-2: Foul Ball, location: 2F 0-2: Foul Ball, location: 2F 0-2: Strikes out swinging
|
|
Batting: RHB Danny Gallo
|
0-0: Foul Ball, location: 2F 0-1: Ball 1-1: Called Strike 1-2: Ball 2-2: Foul Ball, location: 2F 2-2: Ball 3-2: Foul Ball, location: 2F 3-2: Ground out 5-3 (Groundball, 56, EV 85.0 MPH)
|
|
Batting: RHB Klaas Meij
|
0-0: Foul Ball, location: 2F 0-1: Foul Ball, location: 2F 0-2: Foul Ball, location: 2F 0-2: Ball 1-2: Strikes out swinging
|
| Top of the 3rd over - 0 runs, 0 hits, 0 errors, 0 left on base; Memphis 1 - Sacramento 0 |
| BOTTOM OF THE 3RD |
|
Sacramento River Cats batting - Pitching for Memphis Redbirds : RHP Antonio Perez
|
|
Batting: RHB Jack Toole
|
0-0: Ball 1-0: Called Strike 1-1: Ball 2-1: Ball 3-1: Called Strike 3-2: Foul Ball, location: 2F 3-2: Strikes out looking
|
|
Batting: LHB Cesar Arteaga
|
0-0: Ball 1-0: Swinging Strike 1-1: Foul Ball, location: 2F 1-2: Ball 2-2: Foul Ball, location: 2F 2-2: Strikes out swinging
|
|
Batting: LHB Kevin Kantor
|
0-0: Foul Ball, location: 2F 0-1: Ball 1-1: Foul Ball, location: 2F 1-2: Foul Ball, location: 2F 1-2: Ground out 3-1 (Groundball, 34S, EV 73.8 MPH)
|
| Bottom of the 3rd over - 0 runs, 0 hits, 0 errors, 0 left on base; Memphis 1 - Sacramento 0 |
| TOP OF THE 4TH |
|
Memphis Redbirds batting - Pitching for Sacramento River Cats : RHP Mike Moon
|
|
Batting: LHB Ronnie Ashley
|
0-0: Ball 1-0: Ball 2-0: Ball 3-0: Called Strike 3-1: Foul Ball, location: 2F 3-2: Strikes out looking
|
|
Batting: SHB Luke Robbins
|
0-0: Foul Ball, location: 2F 0-1: Foul Ball, location: 2F 0-2: Ball 1-2: Ball 2-2: Ball 3-2: Strikes out swinging
|
|
Batting: RHB Dan Boykins
|
0-0: Ball 1-0: Hit by Pitch
|
|
Batting: SHB Dan Hill
|
0-0: Foul Ball, location: 2F 0-1: Ball 1-1: Ball 2-1: Swinging Strike 2-2: Ball 3-2: SINGLE (Groundball, 3S, EV 71.2 MPH) (infield hit) Dan Boykins to second
|
|
Batting: RHB John Parra
|
0-0: Swinging Strike 0-1: Swinging Strike 0-2: Ball 1-2: Strikes out swinging
|
| Top of the 4th over - 0 runs, 1 hit, 0 errors, 2 left on base; Memphis 1 - Sacramento 0 |
| BOTTOM OF THE 4TH |
|
Sacramento River Cats batting - Pitching for Memphis Redbirds : RHP Antonio Perez
|
|
Batting: LHB Ryan Braden
|
0-0: Foul Ball, location: 2F 0-1: Ball 1-1: Ball 2-1: Ground out 2-3 (Groundball, 13S, EV 71.2 MPH)
|
|
Batting: LHB Willie Ceniceros
|
0-0: Foul Ball, location: 2F 0-1: Called Strike 0-2: Ball 1-2: Ball 2-2: SINGLE (Line Drive, 6MD, EV 98.8 MPH)
|
|
Batting: RHB Martin Guerrero
|
0-0: Foul Ball, location: 2F 0-1: Ball 1-1: Fly out, F3 (Popup, 3SF, EV 88.1 MPH)
|
|
Batting: RHB Hugo Zacarias
|
0-0: Foul Ball, location: 2F 0-1: Ball 1-1: Called Strike 1-2: Ball 2-2: Fly out, F7 (Line Drive, 78M, EV 97.5 MPH)
|
| Bottom of the 4th over - 0 runs, 1 hit, 0 errors, 1 left on base; Memphis 1 - Sacramento 0 |
| TOP OF THE 5TH |
|
Memphis Redbirds batting - Pitching for Sacramento River Cats : RHP Mike Moon
|
|
Batting: RHB Dave Cluster
|
0-0: Ball 1-0: Ground out 6-3 (Groundball, 6, EV 83.1 MPH)
|
|
Batting: RHB Rick O'Reilly
|
0-0: Ball 1-0: Ball 2-0: Called Strike 2-1: Fly out, F8 (Flyball, 8LM, EV 77.5 MPH)
|
|
Batting: RHB Danny Gallo
|
0-0: Called Strike 0-1: Called Strike 0-2: Fly out, F7 (Flyball, 7D, EV 106.2 MPH)
|
| Top of the 5th over - 0 runs, 0 hits, 0 errors, 0 left on base; Memphis 1 - Sacramento 0 |
| BOTTOM OF THE 5TH |
|
Sacramento River Cats batting - Pitching for Memphis Redbirds : RHP Antonio Perez
|
|
Batting: RHB Laroya Foronda
|
0-0: Ball 1-0: Ball 2-0: Ball 3-0: Base on Balls
|
|
Batting: LHB Nick Swank
|
0-0: Fly out, F9 (Flyball, 9D, EV 96.9 MPH)
|
|
Batting: RHB Jack Toole
|
0-0: Ball Laroya Foronda steals 2nd base 1-0: Ball 2-0: Ball 3-0: Called Strike 3-1: Base on Balls
|
|
Batting: LHB Cesar Arteaga
|
0-0: Swinging Strike 0-1: Called Strike 0-2: Ball 1-2: Ball 2-2: Ball 3-2: Base on Balls Laroya Foronda to third Jack Toole to second
|
|
Batting: LHB Kevin Kantor
|
0-0: Swinging Strike 0-1: SINGLE (Groundball, 34D, EV 95.0 MPH) Laroya Foronda scores Jack Toole to third Cesar Arteaga to second Runner from 3rd tries for Home, SAFE, throw by RF to home
|
|
Batting: LHB Ryan Braden
|
0-0: Ball 1-0: Fielders Choice at 2nd, 5-4 (Groundball, 5D, EV 84.4 MPH) Cesar Arteaga to third
|
|
Batting: LHB Willie Ceniceros
|
0-0: Called Strike 0-1: Ball Wild Pitch! Cesar Arteaga scores Ryan Braden to second 1-1: Foul Ball, location: 2F 1-2: Fly out, F8 (Flyball, 8RD, EV 98.1 MPH)
|
| Bottom of the 5th over - 3 runs, 1 hit, 0 errors, 1 left on base; Memphis 1 - Sacramento 3 |
| TOP OF THE 6TH |
|
Memphis Redbirds batting - Pitching for Sacramento River Cats : RHP Mike Moon
|
|
Batting: RHB Klaas Meij
|
0-0: Foul Ball, location: 2F 0-1: Swinging Strike 0-2: Foul Ball, location: 2F 0-2: Strikes out swinging
|
|
Batting: LHB Ronnie Ashley
|
0-0: Fly out, F9 (Flyball, 9, EV 89.4 MPH)
|
|
Batting: SHB Luke Robbins
|
0-0: Ball 1-0: Swinging Strike 1-1: Ball 2-1: Foul Ball, location: 2F 2-2: Ball 3-2: Ground out U3 (Groundball, 3S, EV 71.9 MPH)
|
| Top of the 6th over - 0 runs, 0 hits, 0 errors, 0 left on base; Memphis 1 - Sacramento 3 |
| BOTTOM OF THE 6TH |
|
Sacramento River Cats batting - Pitching for Memphis Redbirds : RHP Antonio Perez
|
|
Batting: RHB Martin Guerrero
|
0-0: Called Strike 0-1: Foul Ball, location: 2F 0-2: Ball 1-2: Foul Ball, location: 2F 1-2: Ball 2-2: Ball 3-2: Base on Balls
|
|
Batting: RHB Hugo Zacarias
|
0-0: Ball Martin Guerrero is caught stealing 2nd base 2-4 1-0: Called Strike 1-1: Ground out 4-3 (Groundball, 4, EV 83.8 MPH)
|
|
Batting: RHB Laroya Foronda
|
0-0: Ball 1-0: Foul Ball, location: 2F 1-1: Fly out, F7 (Flyball, 7S, EV 81.2 MPH)
|
| Bottom of the 6th over - 0 runs, 0 hits, 0 errors, 0 left on base; Memphis 1 - Sacramento 3 |
| TOP OF THE 7TH |
|
Memphis Redbirds batting - Pitching for Sacramento River Cats : RHP Mike Moon
|
|
Batting: RHB Dan Boykins
|
0-0: Ball 1-0: Ball 2-0: Ball 3-0: Foul Ball, location: 2F 3-1: Ground out 6-3 (Groundball, 6, EV 78.8 MPH)
|
|
Pitching: RHP Herman Ruiz
|
|
|
Batting: SHB Dan Hill
|
0-0: Ball 1-0: Foul Ball, location: 2F 1-1: Called Strike 1-2: SINGLE (Flyball, 9LS, EV 94.4 MPH)
|
|
Batting: RHB John Parra
|
0-0: Foul Ball, location: 2F 0-1: Foul Ball, location: 2F 0-2: Strikes out looking
|
|
Pinch Hitting: LHB Frank Hill
|
0-0: Called Strike 0-1: Called Strike 0-2: Foul Ball, location: 2F 0-2: Ball 1-2: Strikes out looking
|
| Top of the 7th over - 0 runs, 1 hit, 0 errors, 1 left on base; Memphis 1 - Sacramento 3 |
| BOTTOM OF THE 7TH |
|
Sacramento River Cats batting - Pitching for Memphis Redbirds : RHP Antonio Perez
|
|
Pitching: RHP Jim Vickers
|
|
|
Now at 2B: Klaas Meij
|
|
|
Now at 3B: Dan Hill
|
|
|
Now in RF: Frank Hill
|
|
|
Batting: LHB Nick Swank
|
0-0: Called Strike 0-1: Foul Ball, location: 2F 0-2: Ball 1-2: SINGLE (Groundball, 56D, EV 108.1 MPH)
|
|
Batting: RHB Jack Toole
|
0-0: Reached on error, E2 (Groundball, 2R, EV 43.8 MPH) Nick Swank to third
|
|
Batting: LHB Cesar Arteaga
|
0-0: Ball 1-0: Called Strike 1-1: Swinging Strike 1-2: Ball 2-2: Foul Ball, location: 2F 2-2: Ground out 4-3 (Groundball, 4, EV 101.2 MPH) Nick Swank scores Jack Toole to third
|
|
Batting: LHB Kevin Kantor
|
0-0: Ball 1-0: Swinging Strike 1-1: Foul Ball, location: 2F 1-2: Ball 2-2: Ground out 4-3 (Groundball, 4, EV 90.0 MPH) Jack Toole scores
|
|
Batting: LHB Ryan Braden
|
0-0: Ball 1-0: Swinging Strike 1-1: Swinging Strike 1-2: Foul Ball, location: 2F 1-2: Fly out, F7 (Flyball, 78D, EV 101.2 MPH)
|
| Bottom of the 7th over - 2 runs, 1 hit, 1 error, 0 left on base; Memphis 1 - Sacramento 5 |
| TOP OF THE 8TH |
|
Memphis Redbirds batting - Pitching for Sacramento River Cats : RHP Herman Ruiz
|
|
Batting: RHB Rick O'Reilly
|
0-0: Ball 1-0: Ball 2-0: Foul Ball, location: 2F 2-1: Ball 3-1: Ground out 5-3 (Groundball, 56, EV 91.9 MPH)
|
|
Batting: RHB Danny Gallo
|
0-0: Ball 1-0: Ball 2-0: SINGLE (Groundball, 56, EV 104.4 MPH) (infield hit)
|
|
Batting: RHB Klaas Meij
|
0-0: Grounds into double play, 6-4-3 (Groundball, 56, EV 103.8 MPH)
|
| Top of the 8th over - 0 runs, 1 hit, 0 errors, 0 left on base; Memphis 1 - Sacramento 5 |
| BOTTOM OF THE 8TH |
|
Sacramento River Cats batting - Pitching for Memphis Redbirds : RHP Jim Vickers
|
|
Batting: LHB Willie Ceniceros
|
0-0: Ball 1-0: Called Strike 1-1: Foul Ball, location: 2F 1-2: Foul Ball, location: 2F 1-2: Foul Ball, location: 2F 1-2: Ground out 4-3 (Groundball, 34D, EV 85.0 MPH)
|
|
Batting: RHB Martin Guerrero
|
0-0: Called Strike 0-1: Ground out 5-3 (Groundball, 5L, EV 82.5 MPH)
|
|
Batting: RHB Hugo Zacarias
|
0-0: Swinging Strike 0-1: Foul Ball, location: 2F 0-2: Ball 1-2: Strikes out swinging
|
| Bottom of the 8th over - 0 runs, 0 hits, 0 errors, 0 left on base; Memphis 1 - Sacramento 5 |
| TOP OF THE 9TH |
|
Memphis Redbirds batting - Pitching for Sacramento River Cats : RHP Herman Ruiz
|
|
Pitching: LHP Chris Morales
|
|
|
Batting: LHB Ronnie Ashley
|
0-0: Ball 1-0: Ground out 3-1 (Groundball, 34S, EV 90.0 MPH)
|
|
Batting: SHB Luke Robbins
|
0-0: Ball 1-0: Ball 2-0: Swinging Strike 2-1: Foul Ball, location: 2F 2-2: Ground out 6-3 (Groundball, 6, EV 100.0 MPH)
|
|
Batting: RHB Dan Boykins
|
0-0: SINGLE (Flyball, 34D, EV 90.6 MPH)
|
|
Batting: SHB Dan Hill
|
0-0: Foul Ball, location: 2F 0-1: Ball 1-1: Ball 2-1: Ball 3-1: Ground out 5-3 (Groundball, 56S, EV 91.2 MPH)
|
| Top of the 9th over - 0 runs, 1 hit, 0 errors, 1 left on base; Memphis 1 - Sacramento 5 |
|